 Dungeon Crawl Stone Soup version 0.17.1-2-g5865329 (webtiles) character file.

105 PossumBlood the Magician (level 4, -3/24 HPs)
             Began as a Deep Elf Wizard on Jan 22, 2016.
             Slain by an adder (4 damage)
             ... on level 3 of the Dungeon.
             The game lasted 00:08:56 (2381 turns).

PossumBlood the Magician (Deep Elf Wizard)          Turns: 2381, Time: 00:08:56

Health: -3/24      AC:  2    Str:  4    XL:     4   Next: 53%
Magic:  5/14       EV: 12    Int: 24    God:
Gold:   97         SH:  0    Dex: 13    Spells: 6 memorised, 3 levels left

rFire  . . .     SeeInvis .     o - +1 dagger (venom)
rCold  . . .     Clarity  .     a - +0 robe
rNeg   + . .     SustAt   .     (no shield)
rPois  .         Gourm    .     b - +0 hat
rElec  .         Spirit   .     (no cloak)
rCorr  .         Warding  .     (no gloves)
rMut   .         Stasis   .     (no boots)
MR     .....                    (no amulet)
Stlth  ++........               (no ring)
                                j - ring of positive energy

@: lethally poisoned (-3 -> -11), very slightly contaminated, not resistant to
hostile enchantments, unstealthy
A: no striking features
a: no special abilities


You were on level 3 of the Dungeon.
You were not hungry.

You visited 1 branch of the dungeon, and saw 3 of its levels.

You collected 97 gold pieces.

Inventory:

Hand Weapons
 o - a +1 dagger of venom (weapon)
Armour
 a - a +0 robe (worn)
 b - a +0 hat (worn)
Jewellery
 j - a ring of positive energy (left hand)
Scrolls
 e - a scroll of recharging
Potions
 g - 2 potions of magic
 i - 2 potions of experience {unknown}
 k - 2 potions of cure mutation {unknown}
Books
 c - a book of Minor Magic

   Spells                             Type                      Level
   a - Magic Dart                     Conjuration                  1
   b - Blink                          Translocation                2
   c - Call Imp                       Summoning                    2
   d - Repel Missiles                 Charms/Air                   2
   e - Slow                           Hexes                        2
   f - Conjure Flame                  Conjuration/Fire             3
   g - Mephitic Cloud                 Conjuration/Poison/Air       3
Comestibles
 d - a bread ration
 f - a meat ration


   Skills:
 - Level 2.4 Dodging
 - Level 2.4 Stealth
 * Level 6.5 Spellcasting
 + Level 2.7 Conjurations
   Level 1.1 Summonings
 - Level 1.1 Translocations


You had 3 spell levels left.
You knew the following spells:

 Your Spells              Type           Power        Failure   Level  Hunger
a - Magic Dart            Conj           ###.         2%          1    None
b - Blink                 Tloc           N/A          10%         2    None
c - Repel Missiles        Chrm/Air       #.....       12%         2    None
d - Slow                  Hex            #.......     12%         2    None
e - Conjure Flame         Conj/Fire      ##......     14%         3    None
f - Mephitic Cloud        Conj/Pois/Air  ##......     17%         3    None


Dungeon Overview and Level Annotations

Branches:
Dungeon (3/15)

Altars:
Kikubaaqudgha
Makhleb
Okawaru

Annotations:
D:3 onwiheg's ghost, amateur DEWz


Message History

You feel sick. The adder bites you.
You see here an adder corpse.
The adder bites you.
You are more poisoned.
The adder poisons you!
You feel sick. The adder bites you.
You are more poisoned.
The adder poisons you!
* * * LOW HITPOINT WARNING * * *
You feel sick. The adder bites you.
* * * LOW HITPOINT WARNING * * *
* * * LOW HITPOINT WARNING * * *
You feel sick.
* * * LOW HITPOINT WARNING * * *
You feel sick. The adder barely misses you.
* * * LOW HITPOINT WARNING * * *
You feel sick.
* * * LOW HITPOINT WARNING * * *
You feel sick. The adder barely misses you. The adder bites you.
You die...

## ##### ... ....# #
........## ##
##.##...##... .#
#..#.....#..####.#### #
##..†.._.............#..
#...#.....#..####......#
#..##...##....S...)....
#....)....###.@.##.##.
#.......†# #...# #
#...#...####....#
#.###..#..........#.)
...........#####..##.#
...........# #..# ...
#.###..#.#.#####..# ...
# #.............# ..
#.##.#.#####


You could see an adder.

Vanquished Creatures
  A hound (D:2)
  2 adders
  An ooze (D:2)
  2 worms (D:2)
  5 bats
  2 giant cockroaches (D:1)
  4 goblins
  6 hobgoblins
  4 jackals (D:1)
  A ball python (D:1)
  3 giant geckos
  3 giant newts
  3 kobolds
  9 rats
46 creatures vanquished.

Notes
Turn   | Place    | Note
--------------------------------------------------------------
     0 | D:1      | PossumBlood the Deep Elf Wizard began the quest for the Orb.
     0 | D:1      | Reached XP level 1. HP: 10/10 MP: 7/7
   172 | D:1      | You fall through a shaft!
   334 | D:1      | Reached XP level 2. HP: 15/15 MP: 4/9
   338 | D:1      | Learned a level 2 spell: Blink
   341 | D:1      | Learned a level 2 spell: Repel Missiles
   344 | D:1      | Learned a level 2 spell: Slow
   447 | D:1      | Reached skill level 5 in Spellcasting
  1203 | D:1      | Reached XP level 3. HP: 19/19 MP: 9/11
  1506 | D:2      | Learned a level 3 spell: Conjure Flame
  1510 | D:2      | Learned a level 3 spell: Mephitic Cloud
  2072 | D:2      | Reached skill level 6 in Spellcasting
  2080 | D:2      | Found an ancient bone altar of Kikubaaqudgha.
  2153 | D:2      | Found a burning altar of Makhleb.
  2153 | D:2      | Noticed a hound
  2160 | D:2      | Killed a hound
  2160 | D:2      | Reached XP level 4. HP: 16/24 MP: 5/14
  2339 | D:3      | Found an iron altar of Okawaru.
  2359 | D:3      | Noticed onwiheg's ghost (amateur DEWz)
  2381 | D:3      | HP: 1/24 [poisoned by an adder]
  2381 | D:3      | Slain by an adder

Action                   |  1- 3 |  4- 6 || total
-------------------------+-------+-------++-------
 Cast: Magic Dart        |   118 |     8 ||   126
       Blink             |       |     1 ||     1
  Use: Scroll            |       |     5 ||     5
  Eat: Bread ration      |     1 |       ||     1
